 Dungeon Crawl Stone Soup version 0.30-a0-234-g97d66968fd (webtiles) character file.

Game seed: 8296158464993656164

3292 qw the Cleaver (level 10, 0/64 HPs)
             Began as a Gargoyle Fighter on Oct 10, 2022.
             Slain by an orc warrior
             ... wielding a +0 war axe
              (12 damage)
             ... on level 9 of the Dungeon.
             The game lasted 00:02:35 (6423 turns).

qw the Cleaver (Gargoyle Fighter)                   Turns: 6423, Time: 00:02:35

Health: 0/64       AC: 29    Str: 24    XL:     10   Next: 1%
Magic:  10/10      EV:  7    Int:  9    God:
Gold:   428        SH:  9    Dex:  9    Spells: 9/9 levels left

rFire   + . .      SeeInvis +    Y - +2 war axe (protect)
rCold   . . .      Faith    .    a - +0 kite shield
rNeg    + . .      Spirit   .    q - +0 chain mail
rPois   inf        Reflect  .    (no helmet)
rElec   +          Harm     .    k - +0 cloak
rCorr   .          Rampage  .    g - +0 pair of gloves
Will    .....                    p - +2 pair of boots
Stlth   ..........               (no amulet)
HPRegen 0.30/turn                s - ring of see invisible
MPRegen 0.12/turn                m - ring of protection from fire

@: about to teleport, under a protective aura
A: sickness immunity, AC +7, negative energy resistance 1, electricity
resistance, torment resistance 1, petrification resistance
a: no special abilities


You were on level 9 of the Dungeon.
You visited 2 branches of the dungeon, and saw 10 of its levels.

You collected 518 gold pieces.
You spent 90 gold pieces at shops.


Innate Abilities, Weirdness & Mutations

You are immune to sickness and miasma.
Your stone body is resilient. (AC +7)
You are immune to poison.
You resist negative energy. (rN+)
You are resistant to electric shocks. (rElec)
You are resistant to unholy torment.
You are immune to petrification.


   Skills:
 - Level 7.7 Fighting
 + Level 8.9 Axes
 - Level 1.3 Throwing
 - Level 4.5 Armour
 - Level 1.0 Dodging
 - Level 8.1 Shields


You had 9 spell levels left.
You didn't know any spells.
Your spell library was empty.

Inventory:

Hand Weapons
 n - a +0 morningstar
 Y - a +2 war axe of protection (weapon)
Missiles
 f - 7 boomerangs (quivered)
Armour
 a - a +0 kite shield (worn)
 g - a +0 pair of gloves (worn)
 k - a +0 cloak (worn)
 p - a +2 pair of boots (worn)
 q - a +0 chain mail (worn)
Jewellery
 l - a ring of ice
 m - a ring of protection from fire (right hand)
 r - a ring of protection from cold
 s - a ring of see invisible (left hand)
Scrolls
 o - a scroll of identify
 v - 2 scrolls of teleportation
Potions
 b - a potion of lignification
 c - 3 potions of curing
 d - 8 potions of might
 h - a potion of mutation
 j - a potion of attraction
 t - a potion of haste

Dungeon Overview and Level Annotations

Branches:
Dungeon (9/15)             Temple (1/1) D:6
   Lair: D:8-11         Orc: D:9-12

Altars:
Ashenzari
Cheibriados
Dithmenos
Fedhas
Gozag
Hepliaklqana
Kikubaaqudgha
Nemelex Xobeh
Qazlal
Ru
Sif Muna
Trog
Uskayaw
Vehumet
Wu Jian
Xom
Yredelemnul
Zin

Shops:
D:7 *

Annotations:
D:3 2 transporters, qw's ghost, amateur GrFi


Message History

You hit the orc. You block the hornet's attack.
The orc warrior hits you with a +0 dire flail!
The orc wizard closely misses you. The orc barely misses you.
You block the orc warrior's attack. The hornet barely misses you.
You slash the hornet!
The hornet is almost dead.
You hit the orc warrior. You slash the orc warrior!
You hit the orc wizard but do no damage.
You hit the orc but do no damage.
The hornet stings you but does no damage.
You block the orc warrior's attack.
The orc wizard gestures at you while chanting.
The puff of flame hits you but does no damage.
The orc hits you but does no damage. The orc warrior completely misses you.
The hornet stings you but does no damage.
You slash the hornet!
You kill the hornet!
You barely miss the orc warrior. You miss the orc wizard.
You barely miss the orc.
You hit the orc warrior but do no damage.
The orc warrior hits you with a +0 dire flail!
The orc wizard hits you with a +0 dagger.
The orc hits you but does no damage. You block the orc warrior's attack.
The orc warrior hits you with a +0 dire flail.
The orc barely misses you. The orc wizard barely misses you.
The orc warrior hits you but does no damage.
You have reached level 10!
6422 ||| READING 3 scrolls of teleportation.
As you read the scroll of teleportation, it crumbles to dust.
You feel strangely unstable.
The orc warrior hits you with a +0 war axe.
You block the orc warrior's attack. The orc barely misses you.
You block the orc wizard's attack.
You slash the orc warrior!
The orc warrior is severely wounded.
You closely miss the orc wizard. You completely miss the orc.
You closely miss the orc warrior.
The orc warrior hits you with a +0 war axe!
You die...

##'#######.# ###.### #.#
#.....# #.# #...#.# #.#
#######.### #.# .
..........# #.#
.....#####.#.# #.#
.....##o...#.# #.#
......o@o....# #.# .
....<.%)o#######.######.
........................
.........########.......
....#....# #.......
....#....# #....... ...
#....# #....... ..
#....# ##.......
#........


You could see 2 orc warriors, an orc wizard (invisible) and an orc.

Vanquished Creatures
  Erica (D:8)
  Joseph (D:7)
  A hornet (D:9)
  Menkaure (D:7)
  A water moccasin (D:7)
  An orc warrior (D:7)
  A black bear (D:8)
  An ice beast (D:5)
  A sky beast (D:7)
  A centaur (D:6)
  A phantom (D:7)
  A kobold brigand (D:8)
  2 scorpions (D:5)
  A bullfrog (D:8)
  A gnoll sergeant (D:5)
  3 necrophages
  6 hounds
  3 jellies
  A gnoll bouda (D:5)
  4 orc priests
  4 iguanas
  8 orc wizards
  9 gnolls (D:5)
  5 adders
  A shadow imp (D:4)
  2 white imps
  A worm (D:2)
  2 dart slugs (D:4)
  36 orcs
  3 ball pythons
  5 bats
  3 endoplasms
  5 giant cockroaches
  4 goblins
  8 hobgoblins
  3 quokkas
  4 frilled lizards
  7 kobolds
  5 rats
  A spectral kobold (D:1)
149 creatures vanquished.

Notes
Turn   | Place    | Note
-------+----------+-------------------------------------------
     0 | D:1      | qw the Gargoyle Fighter began the quest for the Orb.
     0 | D:1      | Reached XP level 1. HP: 14/14 MP: 1/1
     0 | D:1      | 0 ||| qw: Version: 0.2-a-17-g06abaee
     0 | D:1      | 0 ||| qw: Game counter: 2350
     0 | D:1      | 0 ||| qw: Always use a shield: true
     0 | D:1      | 0 ||| qw: God list: Okawaru
     0 | D:1      | 0 ||| qw: Allow faded altars: false
     0 | D:1      | 0 ||| qw: Do Orc after D:15 true
     0 | D:1      | 0 ||| qw: Do second Lair branch before Depths: true
     0 | D:1      | 0 ||| qw: Lair rune preference: random
     0 | D:1      | 0 ||| qw: Plans: Normal, Zot:1-4, God:TSO, Crypt, Tomb,
                  | Pan, Slime:5, Hells, Abyss, Orb
     0 | D:1      | 0 ||| PLANNING D:1-11
     7 | D:1      | Found a faded altar of an unknown god.
   210 | D:1      | Reached XP level 2. HP: 19/19 MP: 2/2
   830 | D:1      | 830 ||| UPGRADING to +0 pair of gloves.
   835 | D:1      | 835 ||| UPGRADING to +0 pair of boots.
   840 | D:1      | 840 ||| UPGRADING to ring of protection from cold.
   841 | D:1      | 841 ||| READING scroll labelled PUWESHOPPO.
   842 | D:1      | 842 ||| READING scroll labelled KETOBB CETWI.
   843 | D:1      | 843 ||| READING scroll labelled PAENAM DEMELASH.
   844 | D:1      | 844 ||| READING scroll labelled ZOUVUX ONATI.
   872 | D:2      | 872 ||| STAIRDANCE
   883 | D:2      | 883 ||| STAIRDANCE
   889 | D:1      | Reached skill level 3 in Axes
   892 | D:2      | 892 ||| STAIRDANCE
   903 | D:2      | Reached XP level 3. HP: 23/23 MP: 3/3
   965 | D:2      | 965 ||| DROPPING +0 club.
  1358 | D:2      | 1358 ||| UPGRADING to +0 cloak.
  1363 | D:2      | 1363 ||| READING scroll labelled WIGHOXE ISOS.
  1367 | D:2      | 1367 ||| READING scroll labelled VALESYE ZOUDGHY.
  1368 | D:2      | 1368 ||| DROPPING +0 whip.
  1369 | D:2      | 1369 ||| DRINKING 2 metallic puce potions.
  1403 | D:3      | 1403 ||| STAIRDANCE
  1413 | D:3      | 1413 ||| STAIRDANCE
  1420 | D:3      | 1420 ||| STAIRDANCE
  1443 | D:3      | Reached XP level 4. HP: 28/28 MP: 4/4
  1544 | D:3      | Found a transporter.
  1560 | D:3      | Found a transporter.
  1560 | D:3      | Noticed qw's ghost (amateur GrFi)
  1655 | D:3      | Reached XP level 5. HP: 23/32 MP: 5/5
  1702 | D:3      | 1702 ||| Stepping ~*~*~tactically~*~*~ (stealth).
  1771 | D:3      | 1771 ||| READING scroll of brand weapon.
  1771 | D:3      | 1771 ||| BRANDING +1 war axe of flaming.
  1826 | D:3      | 1826 ||| READING scroll of enchant weapon.
  1826 | D:3      | 1826 ||| ENCHANTING +1 war axe of protection.
  1896 | D:3      | 1896 ||| UPGRADING to ring of protection from fire.
  1897 | D:3      | 1897 ||| READING 3 scrolls labelled GYAWNE KIBY.
  1998 | D:3      | 1998 ||| DROPPING 2 scrolls of silence.
  2007 | D:4      | 2007 ||| STAIRDANCE
  2063 | D:4      | Found a hazy altar of Hepliaklqana.
  2067 | D:4      | 2067 ||| Stepping ~*~*~tactically~*~*~ (stealth).
  2068 | D:4      | 2068 ||| Stepping ~*~*~tactically~*~*~ (stealth).
  2099 | D:4      | 2099 ||| FLEEEEING.
  2102 | D:4      | 2102 ||| FLEEEEING.
  2103 | D:4      | 2103 ||| FLEEEEING.
  2104 | D:4      | 2104 ||| FLEEEEING.
  2105 | D:4      | 2105 ||| FLEEEEING.
  2106 | D:4      | 2106 ||| FLEEEEING.
  2107 | D:4      | 2107 ||| FLEEEEING.
  2108 | D:4      | 2108 ||| FLEEEEING.
  2109 | D:4      | 2109 ||| FLEEEEING.
  2110 | D:4      | 2110 ||| FLEEEEING.
  2111 | D:4      | 2111 ||| FLEEEEING.
  2112 | D:4      | 2112 ||| FLEEEEING.
  2113 | D:4      | 2113 ||| FLEEEEING.
  2114 | D:4      | 2114 ||| FLEEEEING.
  2115 | D:4      | 2115 ||| FLEEEEING.
  2116 | D:4      | 2116 ||| FLEEEEING.
  2117 | D:4      | 2117 ||| FLEEEEING.
  2118 | D:4      | 2118 ||| FLEEEEING.
  2119 | D:4      | 2119 ||| FLEEEEING.
  2124 | D:4      | 2124 ||| FLEEEEING.
  2126 | D:4      | 2126 ||| STAIRDANCE
  2196 | D:4      | Found a shadowy altar of Dithmenos.
  2251 | D:4      | Reached skill level 1 in Dodging
  2251 | D:4      | Reached XP level 6. HP: 38/38 MP: 6/6
  2581 | D:4      | 2581 ||| UPGRADING to +2 pair of boots.
  2591 | D:4      | 2591 ||| DROPPING +0 pair of boots.
  2592 | D:4      | 2592 ||| UPGRADING to +0 chain mail.
  2602 | D:4      | 2602 ||| DROPPING +0 scale mail.
  2603 | D:4      | 2603 ||| DRINKING 2 golden potions.
  2604 | D:4      | 2604 ||| READING 2 scrolls of identify.
  2604 | D:4      | 2604 ||| IDENTIFYING murky blue potion
  2605 | D:4      | 2605 ||| DROPPING potion of magic.
  2617 | D:5      | Entered Level 5 of the Dungeon
  2739 | D:5      | 2739 ||| Stepping ~*~*~tactically~*~*~ (hiding).
  2746 | D:5      | Noticed an ice beast
  2758 | D:5      | 2758 ||| DRINKING potion of curing.
  2758 | D:5      | 2758 ||| (to cure confusion)
  2761 | D:5      | Killed an ice beast
  2762 | D:5      | Reached skill level 6 in Axes
  2762 | D:5      | Reached XP level 7. HP: 40/43 MP: 7/7
  3469 | D:5      | Reached XP level 8. HP: 49/49 MP: 8/8
  3486 | D:5      | Reached skill level 1 in Throwing
  3535 | D:5      | 3535 ||| UPGRADING to +0 kite shield.
  3545 | D:5      | 3545 ||| DROPPING +0 buckler.
  3546 | D:5      | 3546 ||| READING scroll labelled QETICL KEBIS.
  3547 | D:5      | 3547 ||| READING scroll labelled UCAGEJ QICOOG.
  3548 | D:5      | 3548 ||| READING 2 scrolls of identify.
  3548 | D:5      | 3548 ||| IDENTIFYING dark potion
  3606 | D:6      | 3606 ||| Stepping ~*~*~tactically~*~*~ (hiding).
  3618 | D:6      | 3618 ||| DRINKING potion of curing.
  3618 | D:6      | 3618 ||| (to cure confusion)
  3664 | D:6      | 3664 ||| Stepping ~*~*~tactically~*~*~ (stealth).
  3692 | D:6      | 3692 ||| Stepping ~*~*~tactically~*~*~ (stealth).
  3700 | D:6      | 3700 ||| Stepping ~*~*~tactically~*~*~ (stealth).
  3716 | D:6      | 3716 ||| Stepping ~*~*~tactically~*~*~ (hiding).
  3750 | D:6      | 3750 ||| DROPPING +1 flail of protection.
  3794 | D:6      | Reached skill level 6 in Shields
  3891 | D:6      | Found a staircase to the Ecumenical Temple.
  3892 | D:6      | 3892 ||| PLANNING TEMPLE
  3892 | D:6      | 3892 ||| DROPPING ring of wizardry.
  3893 | D:6      | 3893 ||| UPGRADING to ring of see invisible.
  3895 | D:6      | 3895 ||| READING scroll labelled SICROI WOPTO.
  3896 | D:6      | 3896 ||| READING 2 scrolls of identify.
  3896 | D:6      | 3896 ||| IDENTIFYING smoky yellow potion
  3897 | D:6      | 3897 ||| DROPPING potion of berserk rage.
  3903 | Temple   | Entered the Ecumenical Temple
  4097 | Temple   | 4097 ||| PLANNING D:1-11
  4327 | D:7      | Found Zin's Purification Station.
  4347 | D:7      | Found a glowing silver altar of Zin.
  4350 | D:7      | 4350 ||| BUYING potion of curing (90 gold).
  4350 | D:7      | Bought a potion of curing for 90 gold pieces
  4420 | D:7      | Noticed Menkaure
  4425 | D:7      | Killed Menkaure
  4659 | D:7      | Reached XP level 9. HP: 54/54 MP: 9/9
  4676 | D:7      | Found Winiheph's Neck Hole.
  4685 | D:7      | 4685 ||| SHOPLISTING amulet of the Morning {Acrobat rF-
                  | rC++ Regen+ Int+4} (670 gold, have 331).
  4685 | D:7      | 4685 ||| SHOPLISTING amulet of the acrobat (360 gold, have
                  | 331).
  4685 | D:7      | 4685 ||| SHOPLISTING scarf of resistance (384 gold, have
                  | 331).
  4698 | D:7      | Found a radiant altar of Vehumet.
  4755 | D:7      | Found a stormy altar of Qazlal.
  4787 | D:7      | Noticed Joseph
  4788 | D:7      | 4788 ||| Stepping ~*~*~tactically~*~*~ (hiding).
  4813 | D:7      | HP: 12/54 [Joseph/+0 quarterstaff (4)]
  4814 | D:7      | 4814 ||| READING 2 scrolls of teleportation.
  4815 | D:7      | HP: 2/54 [Joseph/+0 quarterstaff (11)]
  4991 | D:7      | Killed Joseph
  5256 | D:7      | 5256 ||| READING 4 scrolls of identify.
  5256 | D:7      | 5256 ||| IDENTIFYING black potion
  5257 | D:7      | 5257 ||| READING 3 scrolls of identify.
  5257 | D:7      | 5257 ||| IDENTIFYING bubbling sapphire potion
  5258 | D:7      | 5258 ||| READING 2 scrolls of identify.
  5258 | D:7      | 5258 ||| IDENTIFYING fizzy ruby potion
  5259 | D:7      | 5259 ||| DROPPING potion of ambrosia.
  5260 | D:7      | 5260 ||| DROPPING potion of degeneration.
  5320 | D:8      | Noticed Erica
  5321 | D:8      | 5321 ||| Stepping ~*~*~tactically~*~*~ (hiding).
  5322 | D:8      | 5322 ||| Stepping ~*~*~tactically~*~*~ (hiding).
  5324 | D:8      | 5324 ||| Stepping ~*~*~tactically~*~*~ (hiding).
  5331 | D:8      | Killed Erica
  5656 | D:8      | 5656 ||| Stepping ~*~*~tactically~*~*~ (stealth).
  5657 | D:8      | 5657 ||| Stepping ~*~*~tactically~*~*~ (stealth).
  5659 | D:8      | 5659 ||| Stepping ~*~*~tactically~*~*~ (hiding).
  5701 | D:8      | 5701 ||| Stepping ~*~*~tactically~*~*~ (stealth).
  5702 | D:8      | 5702 ||| Stepping ~*~*~tactically~*~*~ (stealth).
  6269 | D:8      | 6269 ||| READING scroll labelled NODUQYJA RITE.
  6270 | D:8      | 6270 ||| DRINKING 2 white potions.
  6271 | D:8      | 6271 ||| READING 2 scrolls of identify.
  6271 | D:8      | 6271 ||| IDENTIFYING red potion
  6272 | D:8      | 6272 ||| DROPPING potion of brilliance.
  6373 | D:9      | 6373 ||| DROPPING +2 vorpal flail.
  6406 | D:9      | Noticed a hornet
  6407 | D:9      | 6407 ||| Stepping ~*~*~tactically~*~*~ (stealth).
  6417 | D:9      | 6417 ||| DRINKING 4 potions of curing.
  6417 | D:9      | 6417 ||| (to cure confusion)
  6421 | D:9      | Killed a hornet
  6421 | D:9      | HP: 13/58 [orc wizard/+0 dagger (2)]
  6422 | D:9      | Reached XP level 10. HP: 13/64 MP: 10/10
  6422 | D:9      | 6422 ||| READING 3 scrolls of teleportation.
  6423 | D:9      | Slain by an orc warrior

Levels and vault maps discovered:
D:1:      doesnt_arrival_eight_statues, layout_basic,
          dreamdust_ecumenical_altar_drowned_temple
D:2:      layout_rooms
D:3:      layout_rooms, gammafunk_ghost_arena, hangedman_decor_push
D:4:      layout_rooms, mainiacjoe_overflow_alcove_2,
          mainiacjoe_overflow_boulevard
D:5:      layout_basic, corexii_leaking_fountain
D:6:      nicolae_BIG_FREAKIN_CUBE, layout_rooms,
          minmay_temple_entry_gardened_gates
D:7:      layout_gridville, nicolae_qazlal_general_emergency, zin_purify,
          lemuel_tele_altar, nrook_mini_backslash,
          nicolae_shop_sticking_my_neck_out, uniq_menkaure, uniq_joseph
D:8:      black_bear_nest_1, layout_basic, kennysheep_doodads, uniq_erica
D:9:      layout_basic, kennysheep_mini, bloody_makhleb, okawaru_humans,
          mainiacjoe_overflow_surrounded_room, uniq_grum
Temple:   nicolae_temple_figure_eight

Skill      XL: |  1  2  3  4  5  6  7  8  9 |
---------------+----------------------------+-----
Axes           | 2 3 4 5 6 7 8 |  8.9
Fighting       | 4 5 7 |  7.7
Dodging        | 1 |  1.0
Armour         | 4 |  4.5
Throwing       | 1 |  1.3
Shields        | 7 8 |  8.1

Action                   |  1- 3 |  4- 6 |  7- 9 | 10-12 || total
-------------------------+-------+-------+-------+-------++-------
Melee: War axe           |   102 |   108 |   264 |     1 ||   475
Throw: Boomerang         |       |    12 |    41 |       ||    53
  Use: Scroll            |     6 |     4 |    11 |     1 ||    22
       Potion            |     1 |     2 |     3 |       ||     6
Armor: Scale mail        |    54 |    49 |       |       ||   103
       Chain mail        |       |    26 |   253 |       ||   279
Dodge: Dodged            |    39 |    63 |    81 |     1 ||   184
Block: Buckler           |    20 |    24 |    25 |       ||    69
       Kite shield       |       |       |    90 |     2 ||    92

Table legend:
 A = Non-vault XP
 B = Vault XP
 C = Vault XP percentage of total XP
 D = Non-vault monster count
 E = Vault monster count
 F = Vault count percentage of total count
                 A         B        C        D         E       F
            +---------+---------+-------+---------+---------+-------
      Total |    3158 |    1545 |  32.9 |     144 |       5 |   3.4
            +---------+---------+-------+---------+---------+-------
        D:1 |      31 |       1 |   3.1 |      17 |       1 |   5.6
        D:2 |      35 |       0 |   0.0 |      14 |       0 |   0.0
        D:3 |     107 |       0 |   0.0 |      19 |       0 |   0.0
        D:4 |     219 |       0 |   0.0 |      19 |       0 |   0.0
        D:5 |     972 |       0 |   0.0 |      31 |       0 |   0.0
        D:6 |     552 |       0 |   0.0 |      16 |       0 |   0.0
        D:7 |     566 |     588 |  51.0 |       8 |       2 |  20.0
        D:8 |     361 |     956 |  72.6 |      15 |       2 |  11.8
        D:9 |     315 |       0 |   0.0 |       5 |       0 |   0.0
            +---------+---------+-------+---------+---------+-------
